[Event "*** SCC Grand Prix: Titled Tuesday Blitz"]
[Site "Chess.com"]
[Date "2020.08.11"]
[Round "2"]
[White "Chernobay_Artem"]
[Black "GMJustin"]
[Result "0-1"]
[WhiteElo "2511"]
[BlackElo "2288"]
[TimeControl "180+1"]
[EndTime "10:20:32 PDT"]
[Termination "GMJustin won by resignation"]

1. d4 Nf6 2. c4 e6 3. Nf3 d5 4.
g3 dxc4 5. Bg2 Bb4+ 6. Bd2 c5 7. dxc5 Bxc5 8. O-O O-O 9. Qc2 Nc6 10. Qxc4 Be7 11. Nc3 e5 12. Rfd1 Qb6 13. Na4 Qc7 14. Rac1 Be6 15.
Qc2 Rac8 16. Ng5 Bg4 17. Nc3 Nd4 18. Qd3 Bf5 19. Be4 Nxe4 20. Ncxe4 Qd7 21. Bc3 h6 22. Nf3 Nxf3+ 23. Qxf3 Qe6 24. Rd5 Bg4 25. Qd3 Rfd8 26. Rd1 Rxd5 27. Qxd5 Qxd5 28. Rxd5 Bxe2 29. Rd7 Bf8 30.
Kg2 Bc4 31. Bxe5 Bxa2 32. Nc3 Bb3 33. Rxb7 Bc4 34. Rxa7 f6 35. Bd4 Bd6 36. Be3 Be6 37.
Ra6 Rd8 38. f3 Bc4 39. Ne4 Bxa6 40. Bb6 Rd7 41. b3 Be7 42. Kf2 Bb7 43. Nc3 Bd6 44. Nb5 Be5 45. Ke2 Bc6 46. Na7 Rb7 47. Nxc6 Rxb6 48. Na5 Rb5 49. Nc6 Rxb3 50. f4 Bd6 51. Kf2 Rb2+ 52. Kf3 Bc5 53. Kg4 f5+ 54. Kxf5 Rxh2 55. Ne5 Rg2 56. g4 Bd4 57. Nc6 Be3 58.
Ne7+ Kf7 59. Nd5 Bc1 60. Ke4 g6 61. Kf3 Rg1 62. Nc3 h5 63. gxh5 gxh5 64. Ne2 Rf1+ 65. Kg2 Re1 66. Kf2 Rd1 67. Nc3 Rd2+ 68. Kf3 Rd3+ 0-1

[Event "*** SCC Grand Prix: Titled Tuesday Blitz"]
[Site "Chess.com"]
[Date "2020.08.11"]
[Round "2"]
[White "maximnovik"]
[Black "EndGameDestroyer"]
[Result "1-0"]
[WhiteElo "2452"]
[BlackElo "2237"]
[TimeControl "180+1"]
[EndTime "10:20:32 PDT"]
[Termination "maximnovik won by resignation"]

1. d4 Nf6 2. c4 e6 3. Nc3 Bb4 4. e3 O-O 5. Ne2 Re8 6. a3 Bf8 7. Nf4 b6 8. Be2 Bb7 9. O-O d6 10. Bf3 Bxf3 11. Qxf3 c6 12. Rd1 d5 13. b3 Nbd7 14. Bb2 e5 15. dxe5 Nxe5 16. Qg3 Bd6 17. cxd5 cxd5 18. Ncxd5 Nxd5 19. Rxd5 Ng6 20. Rad1 Bxf4 21.
Rxd8 Bxg3 22. Rxe8+ Rxe8 23. hxg3 f6 24. Kf1 Kf7 25. Ke2 Ke6 26. Rc1 Re7 27. Rc8 Rd7 28. Ra8 Ne7 29. g4 Rc7 30. Kd3 Rd7+ 31. Ke2 Rc7 32. Bd4 Nc6 33. Kd3 Rd7 34. f3 h6 35.
Re8+ Kf7 36. Rc8 Na5 37. b4 Nb7 38. Ra8 Nd6 39. a4 Ke6 40. a5 bxa5 41. bxa5 Nb5 42. Kc4 Nd6+ 43. Kb4 Rb7+ 44. Ka4 Nb5 45. Bc5 Kd5 46. Bb4 Kc4 47. Rc8+ Kd3 48. a6 Rb6 49. Bc5 Nc3+ 50. Ka3 Rxa6+ 51. Kb3 Ne2 52. Rd8+ Nd4+ 53.
Rxd4+ Ke2 54. Rd7 Kf2 55. Rxg7 Kxg2 56. f4 Kf3 57. Kc4 Rc6 58. Kd5 Ra6 59. Rg6 Ra4 60. Rxf6 Kxg4 61. Rxh6 Kf5 62. Rh5+ Kg6 63. Rg5+ Kf7 64. Bd4 Ke8 65. Ke6 Ra6+ 66. Kd5 Ra5+ 67. Bc5 Kd7 68. e4 Ra4 69. Rg7+ Ke8 70. f5 Ra6 71. e5 Ra5 72. f6 Ra1 73. f7+ 1-0

[Event "*** SCC Grand Prix: Titled Tuesday Blitz"]
[Site "Chess.com"]
[Date "2020.08.11"]
[Round "2"]
[White "GianmarcoVaR"]
[Black "VladaSviridova"]
[Result "1-0"]
[WhiteElo "2447"]
[BlackElo "2232"]
[TimeControl "180+1"]
[EndTime "10:20:32 PDT"]
[Termination "GianmarcoVaR won by resignation"]

1. d4 d5 2. c4 c6 3. Nf3 Nf6 4. e3 Bf5 5. Nc3 e6 6. Nh4 Be4 7. f3 Bg6 8. Qb3 Qc7 9. Bd2 Be7 10. g3 O-O 11. Rc1 dxc4 12. Bxc4 Nbd7 13. O-O b5 14. Nxg6 hxg6 15. Bxe6 fxe6 16. Qxe6+ Rf7 17. Nxb5 Qb6 18. Qxc6 Rb8 19. a4 a6 20. Qxb6 Rxb6 21. Ba5 axb5 22. Bxb6 Nxb6 23. a5 Nc4 24. a6 Bb4 25. b3 Nxe3 26.
Rc8+ Kh7 27. Ra1 Ra7 28. Ra2 Nfd5 29. Rb8 Bc3 30. Rb7 Bxd4 31. Rxa7 Bxa7 32. Kh1 g5 33. Rd2 b4 34. Ra2 Kg6 35. Ra5 Kf6 36. Rb5 Ke5 37.
Rb7 Bd4 38. a7 Bxa7 39. Rxa7 g6 40. Ra6 Kf5 41. Rd6 g4 42. fxg4+ Kxg4 43. Rxg6+ Kf3 44. Rg8 Nc3 45. Rf8+ Kg4 46. Rf4+ Kg5 47. Rxb4 Ncd1 48. h4+ Kh5 49. Kh2 Nf2 50. Rb5+ Kg4 51. Rg5+ Kf3 52.
h5 Ne4 53. Rg8 Ng4+ 54. Kh3 Ngf2+ 55. Kh4 Nd3 56. h6 Ne5 57. h7 Nf7 58. h8=Q Nxh8 59. Rxh8 Nc5 60. Rf8+ Ke4 61. b4 Na6 62. b5 Nc5 63. b6 Kd5 64. Rc8 Nb7 65. Rc7 1-0

[Event "*** SCC Grand Prix: Titled Tuesday Blitz"]
[Site "Chess.com"]
[Date "2020.08.11"]
[Round "2"]
[White "profofchess"]
[Black "Sacbutt"]
[Result "1-0"]
[WhiteElo "2433"]
[BlackElo "2213"]
[TimeControl "180+1"]
[EndTime "10:20:34 PDT"]
[Termination "profofchess won on time"]

1. e4 c5 2. Nf3 d6 3. c3 Nc6 4. d4 cxd4 5. cxd4 Nf6 6. Nc3 g6 7. d5 Ne5 8. Nxe5 dxe5 9. Bb5+ Bd7 10. Qe2 Bg7 11. O-O O-O 12. Bxd7 Qxd7 13. Be3 Ne8 14. a4 Nd6 15. Rfc1 Rfc8 16. f3 b6 17. Nb5 Nxb5 18. Qxb5 Qd6 19. h3 f5 20. b4 e6 21.
Rc6 Rxc6 22. Qxc6 Rd8 23. Qxd6 Rxd6 24. dxe6 Rxe6 25. Rc1 Bf8 26. b5 Kf7 27. Rc7+ Re7 28. Rc6 Re6 29. Rc8 Re8 30. Rxe8 Kxe8 31. Kf2 f4 32.
Bc1 Bc5+ 33. Ke2 Kd7 34. Kd3 Ke6 35. Kc4 h5 36. Bd2 g5 37. a5 Kd6 38. Be1 Ke6 39. h4 g4 40. fxg4 hxg4 41. Kd3 g3 42. axb6 axb6 43.
Ke2 Kd7 44. Kf3 Ke6 45. Kg4 Kf6 46. Bc3 Ke6 47. Bb2 Kf6 48. Bc1 Bd4 49. Bd2 Kg6 50. Bb4 Be3 51. Bd6 Bd4 52. Bc7 Kf6 53.
Bb8 Kg6 54. h5+ Kh6 55. Bc7 Bc5 56. Bxe5 f3 57. Kxf3 Kxh5 58. Bxg3 Kg5 59. e5 Kf5 60. Bh2 Bd4 61. g4+ Kg5 62. Bf4+ Kg6 63. Ke4 Bf2 64.
Kd5 Bc5 65. Ke6 Kg7 66. Kd7 Kg6 67. e6 Kf6 68. Bd6 Be3 69. e7 1-0

[Event "*** SCC Grand Prix: Titled Tuesday Blitz"]
[Site "Chess.com"]
[Date "2020.08.11"]
[Round "2"]
[White "Alexey_Spirin"]
[Black "rynos0411"]
[Result "0-1"]
[WhiteElo "2031"]
[BlackElo "2365"]
[TimeControl "180+1"]
[EndTime "10:20:36 PDT"]
[Termination "rynos0411 won on time"]

1. e4 d6 2. d4 Nf6 3. Nc3 c6 4. Nf3 Qa5 5. Bd3 e5 6. dxe5 dxe5 7. Bd2 Qc7 8. O-O Be7 9. a4 O-O 10. Qe2 a5 11. Rfd1 Nbd7 12. Bg5 Nc5 13. Bc4 Be6 14. b3 Rfd8 15. Bh4 Nh5 16. Bxe7 Qxe7 17. Nxe5 Bxc4 18. Qxh5 Be6 19. Nf3 g6 20. Qg5 f6 21. Qe3 Bf7 22. Rxd8+ Rxd8 23. Re1 Ne6 24. h3 Qb4 25. Rd1 Re8 26.
Rd7 Nc5 27. Rd4 Qb6 28. Kh2 Ne6 29. Rd7 Qxe3 30. fxe3 Nc5 31. Rd4 Kf8 32. Nd2 g5 33.
Kg3 Bg6 34. Kf3 Kf7 35. b4 axb4 36. Rxb4 Re7 37. a5 f5 38. exf5 Bxf5 39. e4 Be6 40.
Nc4 Bxc4 41. Rxc4 Ne6 42. g4 h6 43. Ne2 Kf6 44. Nd4 Ke5 45. Nxe6 Rxe6 46. Ke3 Rf6 47. Rb4 Rf7 48. Rb6 Kd6 49. Kd4 Kc7 50. Rb3 Rd7+ 51. Ke5 Rd2 52. Rc3 Rh2 53. Kf6 Rf2+ 54.
Kg6 Re2 55. Kf5 Rf2+ 56. Ke6 Re2 57. e5 Re3 58. Kf6 Rxc3 59. e6 Kd6 60. e7 Rf3+ 61.
Kg6 Kxe7 62. Kxh6 Kf6 63. h4 Rh3 64. h5 c5 65. Kh7 Rh4 0-1

[Event "*** SCC Grand Prix: Titled Tuesday Blitz"]
[Site "Chess.com"]
[Date "2020.08.11"]
[Round "2"]
[White "StephenDedalus83"]
[Black "FlamingPhoenix123"]
[Result "1/2-1/2"]
[WhiteElo "2813"]
[BlackElo "2541"]
[TimeControl "180+1"]
[EndTime "10:20:46 PDT"]
[Termination "Game drawn - insufficient material"]

1. e4 c5 2. Nf3 d6 3. d4 cxd4 4. Nxd4 Nf6 5. Nc3 Nc6 6. Bg5 e6 7. Qd2 a6 8. O-O-O h6 9. Be3 Nxd4 10. Bxd4 b5 11. f3 Qa5 12. Kb1 b4 13. Ne2 e5 14.
Bf2 Be6 15. Nc1 Be7 16. Nb3 Qa4 17. Bd3 O-O 18. h4 d5 19. exd5 Nxd5 20. Qe1 Nf4 21. Qxe5 Nxd3 22. Rxd3 Rfd8 23. Rhd1 Rxd3 24. Rxd3 Bf6 25. Qe4 Re8 26. Re3 Rd8 27. Rd3 Re8 28.
Qb7 Bf5 29. Rd2 Be6 30. Qb6 Be7 31. g4 Bf6 32. Rd1 g6 33. h5 g5 34. Bc5 a5 35.
Bd4 Bxd4 36. Qxd4 Qb5 37. Qc5 Qe2 38. Rc1 a4 39. Nd4 Qc4 40. Qxc4 Bxc4 41. b3 Bd5 42. bxa4 Ra8 43. Rf1 Rxa4 44. Nb3 Ra6 45. f4 Rf6 46. f5 Rc6 47. Rd1 Be4 48. Rd4 Bxc2+ 49. Kb2 Kg7 50. Rxb4 Bd1 51. Rd4 Bf3 52. a4 Ra6 53. Ka3 Be2 54. Nc5 Ra5 55. Kb4 Ra8 56. Re4 Bf3 57. Re3 Bc6 58. a5 Rb8+ 59. Kc4 Kf6 60. Ra3 Bb5+ 61. Kc3 Rc8 62. Kb4 Be2 63.
a6 Bxg4 64. a7 Ra8 65. Nd7+ Kxf5 66. Nb6 Rxa7 67. Rxa7 Bxh5 68. Nd5 Bg6 69. Ne7+ Kf4 70. Nxg6+ fxg6 71. Kc5 Ke3 72. Rg7 g4 73. Rxg6 Kf3 74. Rxh6 g3 75. Kd4 g2 76. Rg6 Kf2 77. Rf6+ Ke2 78.
Rg6 Kf1 79. Rf6+ Ke1 80. Rg6 Kf2 81. Rxg2+ Kxg2 1/2-1/2

[Event "*** SCC Grand Prix: Titled Tuesday Blitz"]
[Site "Chess.com"]
[Date "2020.08.11"]
[Round "2"]
[White "Firouzja2003"]
[Black "xamax2000"]
[Result "1-0"]
[WhiteElo "3035"]
[BlackElo "2612"]
[TimeControl "180+1"]
[EndTime "10:20:52 PDT"]
[Termination "Firouzja2003 won on time"]

1. e4 e5 2. Nf3 Nc6 3. Bb5 a6 4. Ba4 Nf6 5. d3 Bc5 6. c3 b5 7.
Bc2 d6 8. O-O O-O 9. Re1 h6 10.
a4 Bb7 11. Nbd2 Re8 12. Nf1 d5 13. exd5 Qxd5 14. Ng3 Qd7 15. Nh4 Ne7 16. h3 Qd6 17. Qe2 Ned5 18. Ngf5 Qc6 19. Qf3 Nf4 20. Bxf4 Qxf3 21.
Nxf3 exf4 22. d4 Bf8 23. Ne5 Red8 24. Bd3 b4 25. a5 c5 26. Bc4 Bd5 27. Bf1 bxc3 28.
bxc3 cxd4 29. Nxd4 Bc5 30. Rab1 Rdc8 31. Nd3 Bd6 32. Rec1 Ne4 33. Nb4 Bb7 34. Na2 Bd5 35.
c4 Bc5 36. Rd1 Be6 37. Nc1 Rd8 38. Ncb3 Ba7 39. Re1 Bxd4 40. Nxd4 Rxd4 41. f3 Nc5 42. Rb6 Rc8 43. Rc1 g6 44. Kf2 Rd2+ 45. Kg1 Ra2 46.
Rd1 Rxa5 47. h4 Ra2 48. Rd4 a5 49. Rb5 a4 50. Ra5 a3 51. Rxf4 Ra1 52. Kf2 Nb3 53. Ra7 a2 54. Be2 Nd2 55. h5 g5 56. Rf6 Nxc4 57.
Rxh6 Ne5 58. Rf6 Rac1 59. Rxe6 fxe6 60. Rxa2 R1c2 61. Ra5 Nd3+ 62. Ke3 Nc5 63. Rb5 Kg7 64. g4 Kh6 65. Ra5 Rb8 66. Bd1 Rb3+ 67. Kd4 Rd2+ 68. Ke5 Rxd1 69. Rxc5 Re3+ 70. Kf6 Rxf3+ 71. Ke7 Re1 72. Rc8 e5 73. Rg8 e4 74. Rg6+ Kh7 75. Rxg5 e3 76. Re5 e2 77. g5 Rf2 78. Re6 Rf7+ 79. Ke8 Ref1 80. g6+ Kh6 81. gxf7+ Kg7 82. h6+ Kh7 83. f8=Q Rxf8+ 84. Kxf8 1-0

[Event "*** SCC Grand Prix: Titled Tuesday Blitz"]
[Site "Chess.com"]
[Date "2020.08.11"]
[Round "2"]
[White "Ole83"]
[Black "Sultanasharminshirin"]
[Result "1/2-1/2"]
[WhiteElo "2355"]
[BlackElo "2026"]
[TimeControl "180+1"]
[EndTime "10:20:54 PDT"]
[Termination "Game drawn by repetition"]

1. c4 c6 2. Nf3 d5 3. g3 Nf6 4.
Bg2 Bf5 5. cxd5 cxd5 6. Qb3 Qc8 7. Nc3 e6 8. d3 Nc6 9. O-O Be7 10. Bf4 a6 11. Na4 Nd7 12. Rac1 O-O 13. Rfe1 b5 14. Nc3 Qb7 15. e4 dxe4 16. dxe4 Bg6 17. a3 Rfd8 18.
Qa2 Nc5 19. Rcd1 Nd3 20. Rf1 Nxf4 21. gxf4 Qc7 22. e5 Bc2 23. Rxd8+ Rxd8 24. b4 Bd3 25. Rc1 Qb6 26. Qb2 Bg6 27. Ne2 Bh5 28. Ng3 Bxf3 29. Bxf3 Nd4 30. Bg2 h6 31. h3 Bh4 32. Rc3 Bxg3 33.
Rxg3 Nf5 34. Rc3 Qd4 35. Qc1 Qd1+ 36. Qxd1 Rxd1+ 37. Kh2 Rd4 38. Rc6 Rxf4 39. Kg1 Rd4 40. Rxa6 Rd1+ 41. Bf1 Ra1 42. Ra5 Nd4 43. Kg2 g6 44.
Bxb5 Nxb5 45. Rxb5 Rxa3 46. Rb7 Rb3 47. Kh2 Kg7 48. Kg2 g5 49. Kh2 Kg6 50. Kg2 h5 51.
Kh2 g4 52. hxg4 hxg4 53. Kg2 f6 54. exf6 Kxf6 55. Rb5 e5 56. Kh2 Kf5 57. Kg2 Kf4 58. Rb8 Rb2 59. Rf8+ Ke4 60. Rg8 Kf4 61. Rf8+ Kg5 62.
Rg8+ Kf4 63. Rf8+ 1/2-1/2

[Event "*** SCC Grand Prix: Titled Tuesday Blitz"]
[Site "Chess.com"]
[Date "2020.08.11"]
[Round "2"]
[White "Volodar_Murzin"]
[Black "realmadridtv"]
[Result "1-0"]
[WhiteElo "2691"]
[BlackElo "2457"]
[TimeControl "180+1"]
[EndTime "10:21:17 PDT"]
[Termination "Volodar_Murzin won by checkmate"]

1. e4 e5 2. Nf3 Nc6 3. Bb5 a6 4. Ba4 Nf6 5. O-O Be7 6. d3 b5 7. Bb3 O-O 8. Nc3 d6 9. a3 Bg4 10. Be3 Nd4 11. Bxd4 exd4 12. Nd5 c6 13. Nxe7+ Qxe7 14. h3 Bxf3 15. Qxf3 a5 16. a4 b4 17. Qg3 Nd7 18. f4 Nc5 19. Bc4 b3 20. cxb3 Rab8 21. Ra3 Rfd8 22. f5 Qe5 23. Qxe5 dxe5 24. Rc1 Kf8 25. Kf2 Rb6 26. Ke2 Rdb8 27. Kd2 Ke7 28.
Kc2 g6 29. Rf1 f6 30. fxg6 hxg6 31. Rf3 Rf8 32. Ra1 Rbb8 33. Raf1 Nd7 34. h4 Rh8 35. g3 Rbf8 36. b4 axb4 37. b3 Nb6 38. Kb2 Nc8 39. Rc1 Nd6 40. Rcf1 f5 41. exf5 gxf5 42. Re1 e4 43. Rf4 Kd7 44. g4 Rxh4 45.
dxe4 Rxg4 46. Rxf5 Nxf5 47. exf5 Rg2+ 48. Kb1 Rf2 49. Re5 Kd6 50. Re6+ Kd7 51. Re5 Rh8 52. Re1 Rhh2 53. Bd3 Rb2+ 54. Kc1 Ra2 55. Be4 Ra1+ 56. Bb1 d3 57. Rd1 d2+ 58. Kb2 Ra3 59. f6 Ke6 60. Bc2 Kxf6 61. Rf1+ Ke5 62. Rd1 Kd4 63.
Bb1 Ke3 64. Bc2 Re2 65. Rg1 Re1 66. Rg3+ Ke2 67. Rg2+ Ke3 68. Rg3+ Kf4 69. Rd3 Re2 70. Rd4+ Ke5 71. Rd8 c5 72. Re8+ Kd4 73. Rxe2 c4 74.
Rxd2+ Kc5 75. bxc4 Kxc4 76. Rf2 Kc5 77. Rf4 Rb3+ 78. Bxb3 Kb6 79. Rc4 Ka5 80. Kc2 Kb6 81. Kd3 Ka5 82. Kd4 Kb6 83. Rxb4+ Ka5 84. Kc5 Ka6 85.
Bd5 Ka5 86. Rb8 Ka6 87. Ra8# 1-0

[Event "*** SCC Grand Prix: Titled Tuesday Blitz"]
[Site "Chess.com"]
[Date "2020.08.11"]
[Round "2"]
[White "serena-maria"]
[Black "kakakz"]
[Result "1/2-1/2"]
[WhiteElo "2269"]
[BlackElo "2450"]
[TimeControl "180+1"]
[EndTime "10:21:19 PDT"]
[Termination "Game drawn - insufficient material"]

1. Nf3 Nf6 2. g3 g6 3. Bg2 Bg7 4. O-O d6 5. c4 O-O 6. Nc3 c5 7.
d4 cxd4 8. Nxd4 Na6 9. b3 Nc5 10. Bb2 a6 11. Rc1 Qa5 12. e4 Bd7 13. Qd2 Rab8 14.
Rfd1 Rfc8 15. Nd5 Qxd2 16. Nxf6+ Bxf6 17. Rxd2 b5 18. f4 bxc4 19. Rxc4 Ne6 20. Rxc8+ Rxc8 21. Nxe6 Bxb2 22. Rxb2 Bxe6 23. Bf1 a5 24. Kf2 Rb8 25. Rc2 Rb4 26. Ke3 a4 27. Bc4 axb3 28. axb3 Bxc4 29. bxc4 Kf8 30. Kd4 Ke8 31. Ra2 Kd7 32. Ra7+ Ke6 33. g4 Rb2 34. h4 h6 35. f5+ gxf5 36. exf5+ Kf6 37. g5+ hxg5 38. hxg5+ Kxg5 39. Rxe7 Kf6 40. Re1 Rd2+ 41. Ke4 Rc2 42. Kd5 Rd2+ 43. Kc6 Kxf5 44. Rf1+ Ke6 45. Re1+ Kf6 46. Rf1+ Ke7 47. Re1+ Kf8 48.
Rf1 Rd4 49. Rf6 Ke7 50. Rf1 Rxc4+ 51. Kd5 Rc5+ 52. Kd4 Re5 53. Ra1 Ke6 54. Ra8 Rd5+ 55. Ke4 Rh5 56. Re8+ Kd7 57. Rg8 Ke7 58. Rg7 Kf6 59.
Rg8 Ke6 60. Re8+ Kf6 61. Rd8 Ke7 62. Rg8 Ra5 63. Rh8 Ra4+ 64. Kd5 Ra5+ 65. Ke4 f5+ 66. Kf4 Ke6 67. Rh6+ Kd7 68. Rf6 Ke7 69. Rh6 Rb5 70. Rh7+ Kf6 71. Rh6+ Ke7 72. Rh7+ Ke6 73. Rh6+ Kd5 74.
Rf6 Kd4 75. Rxd6+ Kc4 76. Rf6 Kd4 77. Rxf5 Rxf5+ 78. Kxf5 1/2-1/2

[Event "*** SCC Grand Prix: Titled Tuesday Blitz"]
[Site "Chess.com"]
[Date "2020.08.11"]
[Round "2"]
[White "Bodnar_Mykola"]
[Black "seorobert1971"]
[Result "1/2-1/2"]
[WhiteElo "2500"]
[BlackElo "2732"]
[TimeControl "180+1"]
[EndTime "10:21:30 PDT"]
[Termination "Game drawn by repetition"]

1. d4 Nf6 2. c4 e6 3. Nc3 Bb4 4. Qc2 O-O 5. a3 Bxc3+ 6. Qxc3 d5 7. cxd5 Qxd5 8. Nf3 b6 9. e3 Ba6 10. Bxa6 Nxa6 11. O-O c5 12. Rd1 Rac8 13. Bd2 Ne4 14. Qd3 c4 15. Qc2 Nb8 16. Bc3 Nc6 17. Nd2 Nxd2 18.
Rxd2 f5 19. f3 Qd7 20. e4 fxe4 21. fxe4 Ne7 22. d5 exd5 23. exd5 Nf5 24. Re1 Rce8 25. Qd1 Rxe1+ 26. Qxe1 Re8 27. Qf2 Nd6 28. Qd4 Re4 29. Qf2 Re8 30. Re2 Rxe2 31. Qxe2 b5 32. Qe5 h6 33. h3 a6 34. Kh2 Ne8 35. d6 Qxd6 36. Qxd6 Nxd6 37. Bb4 Ne4 38. g4 Kf7 39. Kg2 Ke6 40.
Bf8 Kf7 41. Bb4 g6 42. Kf3 Ng5+ 43. Kg3 Ke6 44. h4 Nf7 45. h5 gxh5 46. gxh5 Kf5 47. Bd2 Ng5 48. Bc1 Ne4+ 49. Kf3 Nf6 50. Bxh6 Nxh5 51. Ke3 Ke6 52. Kd4 Kd6 53. Bd2 Nf6 54.
Bb4+ Kc6 55. Ke5 Nd5 56. Bd2 Nb6 57. Kd4 Na4 58. Bc1 Nc5 59. Bg5 Nb3+ 60. Kc3 Kd5 61. Be3 a5 62. Bg1 Nc5 63. Be3 Ne4+ 64. Kc2 Nc5 65. Bg1 Nb3 66. Kc3 Nc5 67. Kc2 Nd3 68. Be3 Ke4 69. Bb6 a4 70. Ba5 Kf3 71. Bc3 Ke2 72. Ba5 Nc5 73. Kc3 Nd3 74. Bd8 Kd1 75.
Bg5 Ke2 76. Bh6 Kf3 77. Bg5 Ke4 78. Bh6 Kd5 79. Bg5 Kc6 80. Be3 Nc5 81. Bh6 Ne4+ 82. Kb4 Nd6 83. Kc3 Nf5 84. Bf4 Ne7 85. Bc1 Nd5+ 86.
Kd4 Nc7 87. Bd2 Ne6+ 88. Kc3 Nc5 89. Bh6 Kd5 90. Kb4 Nd3+ 91. Kc3 Ke4 92. Bd2 Kf3 93. Bh6 Ke2 94. Bg5 Kd1 95. Bh6 Ke2 96. Bg5 Nc5 97.
Kb4 Nd3+ 98. Kc3 1/2-1/2

[Event "*** SCC Grand Prix: Titled Tuesday Blitz"]
[Site "Chess.com"]
[Date "2020.08.11"]
[Round "2"]
[White "GelmanAlexander"]
[Black "Zkid"]
[Result "0-1"]
[WhiteElo "2567"]
[BlackElo "2860"]
[TimeControl "180+1"]
[EndTime "10:21:59 PDT"]
[Termination "Zkid won on time"]

1. d4 d5 2. Nc3 Nf6 3. Bf4 c6 4. f3 Bf5 5. g4 Bg6 6. h4 h6 7. e3 e6 8. Nge2 Nbd7 9. Qd2 a5 10. Bg3 a4 11. a3 Nb6 12. Nf4 Bh7 13. g5 Nfd7 14. g6 Bxg6 15. Nxg6 fxg6 16. O-O-O Qf6 17. e4 Qxf3 18. Rg1 O-O-O 19. Be2 Qf7 20. Rdf1 Qe8 21. exd5 exd5 22. Qf4 Ne5 23. Qxe5 Bd6 24. Bg4+ Kb8 25. Qxe8 Rhxe8 26. Bxd6+ Rxd6 27. Rf7 Nc4 28. Rxg7 Rf6 29. Be2 Ne3 30. R7xg6 Rf2 31. Rg8 Rxg8 32. Rxg8+ Ka7 33. Rg6 Rh2 34. h5 Nf5 35. Kd2 Nxd4 36. Rxh6 Nf5 37. Rf6 Ng3 38. Rg6 Rh3 39. Bg4 Rh2+ 40. Kd3 Nxh5 41.
Bxh5 Rxh5 42. Nxa4 Rh3+ 43. Kd2 Rh2+ 44. Kc3 Rh3+ 45.
Kb4 Rh4+ 46. Kb3 Rc4 47. Nc3 Rf4 48. Rg7 Rf3 49. Ka2 Rf4 50. Rg2 Kb6 51. b3 Kc5 52. Kb2 Rf3 53. Rd2 Rh3 54. Na4+ Kb5 55.
Nc3+ Kc5 56. Rg2 Rf3 57. b4+ Kb6 58. Rg4 Ka6 59. a4 Kb6 60. Kb3 Rh3 61. a5+ Ka6 62. Rd4 Rf3 63. Rd3 Rf4 64. Na4 Kb5 65. Nc3+ Ka6 66. Ne2 Re4 67. Nd4 Rf4 68. c3 Rf1 69. Re3 Rb1+ 70. Kc2 Rh1 71. Re8 Rh2+ 72. Kb3 Ka7 73.
Re7 Ka6 74. Re6 Ka7 75. b5 c5 76. Nc2 Rh1 77. Na3 Ra1 78. Ka4 Rc1 79. Re8 b6 80.
Re7+ Kb8 81. axb6 Rxc3 82. Rc7 d4 83. Nb1 Rc1 84. Nd2 d3 85. Kb3 Rc2 86. Nc4 Rc1 87.
Rxc5 d2 88. Rd5 d1=Q+ 89. Rxd1 Rxd1 90. Kb4 Kb7 91. Kc5 Rh1 92. Na5+ Kb8 93. b7 Rh6 94. Kd5 Rb6 95. Kc5 Rh6 96. Kd5 Kc7 97. Kc5 Rh5+ 98. Kb4 Rh8 99. Kc5 Rh5+ 100. Kb4 Rh1 101. Kc5 Rc1+ 102.
Kb4 Kb8 103. Ka4 Rb1 104. Ka3 Rxb5 105. Ka4 Rb6 106. Ka3 Kc7 107. Ka4 Rb1 108. Ka3 Kd6 109. Ka4 Kc5 110. Nb3+ Kc4 111. b8=Q Kc3 112. Qc7+ Kb2 113. Qc4 Rd1 114. Kb4 Kb1 115. Nd4 Rd2 116. Qb3+ Rb2 117. Kc3 Rxb3+ 0-1

[Event "*** SCC Grand Prix: Titled Tuesday Blitz"]
[Site "Chess.com"]
[Date "2020.08.11"]
[Round "3"]
[White "Sophist4Life"]
[Black "ClydeHillKid"]
[Result "0-1"]
[WhiteElo "2509"]
[BlackElo "2319"]
[TimeControl "180+1"]
[EndTime "10:24:24 PDT"]
[Termination "ClydeHillKid won by resignation"]

1. d4 d5 2. c4 e6 3. Nc3 Nf6 4. cxd5 exd5 5. Bg5 c6 6. Qc2 Bd6 7.
e3 O-O 8. Bd3 h6 9. Bh4 Re8 10.
Nge2 Nbd7 11. O-O Bxh2+ 12. Kxh2 Ng4+ 13. Kg1 Qxh4 14. Rfd1 Qxf2+ 15. Kh1 Qh4+ 16. Kg1 Qh2+ 17. Kf1 Qh1+ 18. Ng1 Nxe3+ 0-1

[Event "*** SCC Grand Prix: Titled Tuesday Blitz"]
[Site "Chess.com"]
[Date "2020.08.11"]
[Round "3"]
[White "Chess_Boxer123"]
[Black "Chessbard1972"]
[Result "1-0"]
[WhiteElo "2562"]
[BlackElo "2339"]
[TimeControl "180+1"]
[EndTime "10:24:49 PDT"]
[Termination "Chess_Boxer123 won by resignation"]

1. Nf3 c5 2. b3 d5 3. Bb2 Nc6 4.
e3 a6 5. Be2 f6 6. d4 Bg4 7. O-O e6 8. c4 cxd4 9. Nxd4 Bxe2 10.
Qxe2 Nh6 11. Nxe6 Qd6 12. cxd5 Nb4 13. e4 Be7 14. e5 Qb6 15. d6 Bf8 16. Nc7+ Kf7 17.
e6+ Kg8 18. Nxa8 Bxd6 19. Nxb6 1-0

[Event "*** SCC Grand Prix: Titled Tuesday Blitz"]
[Site "Chess.com"]
[Date "2020.08.11"]
[Round "3"]
[White "Natalya_Buksa"]
[Black "harkerchess"]
[Result "1-0"]
[WhiteElo "2483"]
[BlackElo "2145"]
[TimeControl "180+1"]
[EndTime "10:24:53 PDT"]
[Termination "Natalya_Buksa won by resignation"]

1. d4 d5 2. Nc3 Nf6 3. Bf4 e6 4. e3 Bd6 5. Nf3 O-O 6. Bd3 h6 7. O-O c5 8. dxc5 Bxc5 9. e4 dxe4 10. Nxe4 Nxe4 11. Bxe4 Qxd1 12. Raxd1 Nc6 13. Bxc6 bxc6 14. Bd6 Bxd6 15. Rxd6 Ba6 16. Rfd1 Bb5 17. Ne5 f6 18. Nxc6 Bxc6 19. Rxc6 Rab8 20. b3 Rfe8 21. h4 e5 22. Rd7 Rbc8 23. Ra6 1-0

[Event "*** SCC Grand Prix: Titled Tuesday Blitz"]
[Site "Chess.com"]
[Date "2020.08.11"]
[Round "3"]
[White "Murad_Ibrahimli"]
[Black "vvg2"]
[Result "1-0"]
[WhiteElo "2696"]
[BlackElo "2235"]
[TimeControl "180+1"]
[EndTime "10:24:58 PDT"]
[Termination "Murad_Ibrahimli won by resignation"]

1. c4 Nf6 2. Nc3 c5 3. g3 g6 4.
Bg2 Bg7 5. Nf3 Nc6 6. O-O d5 7. d4 cxd4 8. Nxd4 Nxd4 9. Qxd4 dxc4 10. Qxd8+ Kxd8 11. Rd1+ Kc7 12. Bf4+ Kb6 13. Be3+ Ka5 14.
Bc5 Be6 15. Bxb7 1-0

[Event "*** SCC Grand Prix: Titled Tuesday Blitz"]
[Site "Chess.com"]
[Date "2020.08.11"]
[Round "3"]
[White "Lysiak_Poltorak"]
[Black "Djager97"]
[Result "0-1"]
[WhiteElo "2338"]
[BlackElo "2593"]
[TimeControl "180+1"]
[EndTime "10:24:59 PDT"]
[Termination "Djager97 won by resignation"]

1. e4 e5 2. f4 d5 3. exd5 exf4 4. Nf3 Nf6 5. d4 Nxd5 6. c4 Bb4+ 7. Bd2 Bxd2+ 8. Qxd2 Ne3 9. Nc3 O-O 10. Ne2 Bf5 11.
Rc1 Re8 12. h3 Be4 13. Kf2 Bxf3 14. Kxf3 Nc6 15. Nxf4 Nxd4+ 16. Kf2 Qf6 17. g4 0-1

[Event "*** SCC Grand Prix: Titled Tuesday Blitz"]
[Site "Chess.com"]
[Date "2020.08.11"]
[Round "3"]
[White "LubovMarkelova"]
[Black "ural58"]
[Result "0-1"]
[WhiteElo "2285"]
[BlackElo "2517"]
[TimeControl "180+1"]
[EndTime "10:25:01 PDT"]
[Termination "ural58 won by resignation"]

1. d4 d5 2. Nf3 Nc6 3. Bf4 Bg4 4. e3 e6 5. Be2 Bd6 6. Bg3 f5 7. Ne5 Bxe2 8. Qxe2 Bxe5 9. dxe5 Qe7 10. c3 O-O-O 11. Na3 g5 12. O-O-O Nh6 13. Nb5 Nf7 14. f4 h5 15. Nd4 h4 16. Bf2 Nxd4 17. Rxd4 c5 18. Ra4 Kb8 19. Qb5 Qd7 20. Qxc5 0-1

[Event "*** SCC Grand Prix: Titled Tuesday Blitz"]
[Site "Chess.com"]
[Date "2020.08.11"]
[Round "3"]
[White "czasnaszachy"]
[Black "Schandenfreude"]
[Result "0-1"]
[WhiteElo "2220"]
[BlackElo "2546"]
[TimeControl "180+1"]
[EndTime "10:25:10 PDT"]
[Termination "Schandenfreude won by resignation"]

1. d4 Nf6 2. c4 g6 3. Nc3 d5 4.
cxd5 Nxd5 5. e3 Bg7 6. Qb3 Nb6 7.
Bd3 O-O 8. Nge2 a5 9. O-O a4 10. Qc2 Nc6 11. a3 e5 12. dxe5 Nxe5 13. Rd1 Nxd3 14.
Rxd3 Qe7 15. e4 Be6 16. Nd5 Nxd5 17. exd5 Bf5 18. Re3 Qxe3 19. Bxe3 Bxc2 20. Rc1 Bb3 0-1

[Event "*** SCC Grand Prix: Titled Tuesday Blitz"]
[Site "Chess.com"]
[Date "2020.08.11"]
[Round "3"]
[White "Quiet_Desperation"]
[Black "Azoulas1"]
[Result "1/2-1/2"]
[WhiteElo "2273"]
[BlackElo "2006"]
[TimeControl "180+1"]
[EndTime "10:25:10 PDT"]
[Termination "Game drawn by repetition"]

1. e4 c5 2. d4 cxd4 3. c3 Nf6 4. e5 Nd5 5. Nf3 d6 6. Bc4 e6 7. exd6 Bxd6 8. O-O O-O 9. cxd4 Nc6 10.
Nc3 Nxc3 11. bxc3 Bd7 12. Bd3 h6 13. Be3 Rc8 14. Qd2 Na5 15. Bxh6 gxh6 16. Qxh6 f5 17. Qg6+ Kh8 18. Qh6+ Kg8 19. Qg6+ Kh8 20. Qh6+ Kg8 1/2-1/2

[Event "*** SCC Grand Prix: Titled Tuesday Blitz"]
[Site "Chess.com"]
[Date "2020.08.11"]
[Round "3"]
[White "MNyuyu"]
[Black "Artyom_ChessMate"]
[Result "0-1"]
[WhiteElo "2329"]
[BlackElo "2557"]
[TimeControl "180+1"]
[EndTime "10:25:22 PDT"]
[Termination "Artyom_ChessMate won by resignation"]

1. d4 d5 2. Bf4 f6 3. e3 e6 4. Bd3 g6 5. Nd2 Bg7 6. c3 Ne7 7. Ngf3 Nbc6 8. h4 e5 9. dxe5 fxe5 10. Bg3 e4 11. Nxe4 dxe4 12. Bxe4 Qxd1+ 13. Rxd1 Bf5 14. Bxf5 Nxf5 15. Bxc7 Rc8 16. Bf4 O-O 17. h5 Rfd8 18. Nd4 Ncxd4 19. e4 0-1